 Dungeon Crawl Stone Soup version 0.31-a0-986-g5e6e4ef867 (webtiles) character file.

Game seed: 8818658838746980470

194464 CowFu the Executioner (level 17, -9/161 HPs)
             Began as a Minotaur Fighter on Nov 18, 2023.
             Was the Champion of the Shining One.
             Mangled by Mlioglotl (16 damage)
             ... on level 4 of the Shoals.
             The game lasted 00:34:34 (24447 turns).

CowFu the Executioner (Minotaur Fighter)           Turns: 24447, Time: 00:34:35

Health: -9/161     AC: 35    Str: 28    XL:     17   Next: 67%
Magic:  23/23      EV:  9    Int:  5    God:    the Shining One [******]
Gold:   945        SH:  6    Dex: 11    Spells: 16/16 levels left

rFire   . . .        a - +5 broad axe (spect)
rCold   + + .        c - +0 buckler
rNeg    + + +        U - +1 crystal plate armour {rC+}
rPois   .            F - +1 hat {Stlth+}
rElec   .            D - +0 cloak {rCorr}
rCorr   +            R - +2 pair of gloves {Stlth+}
SInv    .            O - +1 pair of boots {rampage}
Will    .....        K - amulet of regeneration Stlth
                     N - ring of protection from cold
HPRegen 1.26/turn    T - +4 ring of slaying
MPRegen 0.18/turn

%: rampage
@: weak-willed, afraid, mesmerised, glowing
A: horns 2, retaliatory headbutt
}: 1/15 runes: gossamer
a: Renounce Religion, Divine Shield, Cleansing Flame, Summon Divine Warrior,
Brand Weapon With Holy Wrath


You were on level 4 of the Shoals.
You worshipped the Shining One.
The Shining One was exalted by your worship.
You visited 5 branches of the dungeon, and saw 27 of its levels.
You also visited: Ice Cave.

You collected 2718 gold pieces.
You spent 1773 gold pieces at shops.

Inventory:

Hand Weapons
 a - a +5 spectral broad axe (weapon)
 b - a +3 flail of freezing
 W - a +0 broad axe of venom
Missiles
 o - a throwing net
Armour
 c - a +0 buckler (worn)
 s - a +0 pair of gloves of hurling
 z - a +2 leather armour of fire resistance
 D - a +0 cloak of preservation (worn)
 F - a +1 hat of stealth (worn)
 O - a +1 pair of boots of rampaging (worn)
 R - a +2 pair of gloves of stealth (worn)
 U - a +1 crystal plate armour of cold resistance (worn)
Magical Staves
 h - a staff of poison
Jewellery
 f - a ring of willpower
 A - an amulet of the acrobat
 I - a ring of fire
 K - an amulet of regeneration (around neck)
 N - a ring of protection from cold (left hand)
 T - a +4 ring of slaying (right hand)
Wands
 y - a wand of light (16)
 B - a wand of flame (76)
 C - a wand of polymorph (20)
 H - a wand of roots (4)
 Y - a wand of paralysis (12)
Scrolls
 d - a scroll of poison
 g - 6 scrolls of teleportation
 j - 13 scrolls of identify
 m - 4 scrolls of silence
 q - 6 scrolls of noise
 u - 3 scrolls of fog
 v - a scroll of revelation
 x - 6 scrolls of fear
 Z - 4 scrolls of amnesia
Potions
 e - 4 potions of magic
 i - 5 potions of brilliance
 k - a potion of invisibility
 l - a potion of attraction
 n - 2 potions of mutation
 p - 4 potions of lignification
 r - 4 potions of degeneration
 t - a potion of berserk rage
 E - 4 potions of enlightenment
 G - 3 potions of ambrosia
 J - 3 potions of resistance
 P - 7 potions of curing
 S - 5 potions of haste
Miscellaneous
 w - a lightning rod (4/4)
 V - a condenser vane


   Skills:
 + Level 17.1 Fighting
 - Level 22.0 Axes
 + Level 17.0 Armour
 - Level 10.0 Dodging
 - Level 10.0 Shields
 - Level 10.0 Invocations
 - Level 10.0 Evocations


You had 16 spell levels left.
You didn't know any spells.
Your spell library contained the following spells:

 Spells                   Type           Power      Damage    Failure   Level
 Shock                    Conj/Air       0%         1d3       100%        1
 Blink                    Tloc           0%         N/A       100%        2
 Ensorcelled Hibernation  Hex/Ice        0%         N/A       100%        2
 Jinxbite                 Hex            0%         N/A       100%        2
 Lesser Beckoning         Tloc           0%         N/A       100%        2
 Momentum Strike          Conj/Tloc      0%         3d8       100%        2
 Dazzling Flash           Conj/Hex       0%         N/A       100%        3
 Gell's Gravitas          Tloc           0%         N/A       100%        3
 Swiftness                Air            0%         N/A       100%        3
 Teleport Other           Tloc           0%         N/A       100%        3
 Tukima's Dance           Hex            0%         N/A       100%        3
 Volatile Blastmotes      Fire/Tloc      0%         2d10      100%        3
 Airstrike                Air            0%         2d(0-16)  100%        4
 Anguish                  Hex/Necr       0%         N/A       100%        4
 Cause Fear               Hex            0%         N/A       100%        4
 Dimensional Bullseye     Hex/Tloc       0%         N/A       100%        4
 Manifold Assault         Tloc           0%         N/A       100%        4
 Passage of Golubria      Tloc           0%         N/A       100%        4
 Alistair's Intoxication  Tmut/Pois      0%         N/A       100%        5
 Borgnjor's Vile Clutch   Necr/Erth      0%         N/A       100%        5
 Summon Mana Viper        Hex/Summ       0%         N/A       100%        5
 Yara's Violent Unravell  Hex/Tmut       0%         3d3       100%        5
 Dispersal                Tloc           0%         N/A       100%        6
 Eringya's Noxious Bog    Tmut/Pois      0%         4d6       100%        6
 Starburst                Conj/Fire      0%         6d3       100%        6
 Enfeeble                 Hex            0%         N/A       100%        7
 Disjunction              Tloc           0%         N/A       100%        8
 Maxwell's Capacitive Co  Air            0%         ∞         100%        8
 Chain Lightning          Conj/Air       0%         N/A       100%        9
 Fire Storm               Conj/Fire      0%         5d1       100%        9
 Shatter                  Erth           0%         3d5*      100%        9


Dungeon Overview and Level Annotations

Branches:
Dungeon (12/15)            Temple (0/1) D:4            Lair (5/5) D:9
 Shoals (4/4) Lair:2       Spider (4/4) Lair:2        Slime (0/5) Lair:4
    Orc (2/2) D:12            Elf (0/3) Orc:2         IceCv (visited)

Altars:
Ashenzari
Cheibriados
Dithmenos
Fedhas
Hepliaklqana
Nemelex Xobeh
Qazlal
Sif Muna
Vehumet
Xom
The Shining One
Jiyva

Shops:
D:5 !   D:10 *   D:11 (   Orc:1 [   Orc:2 :(**!

Portals:
Pandemonium: Orc:2

Annotations:
Shoals:4 Mlioglotl


Innate Abilities, Weirdness & Mutations

You have a pair of horns on your head.
You reflexively headbutt those who attack you in melee.


Message History

You hear a bleat!
The merfolk siren chants its luring song.
The starspawn tentacle constricts you.
The satyr shoots an arrow.
The arrow hits you!
* * * LOW HITPOINT WARNING * * *
Mlioglotl churns violently!
Mlioglotl corrupts the dungeon around him!
A faun comes into view. It is wielding a +0 club.
The worldbinder calls forth creatures from the Swamp!
You slash Mlioglotl!
You headbutt Mlioglotl, but do no damage.
Mlioglotl is heavily wounded.
You slash the starspawn tentacle!
Your +5 spectral broad axe hits Mlioglotl!!
Your +5 spectral broad axe hits the merfolk!
Your +5 spectral broad axe hits the satyr!!
Your +5 spectral broad axe hits the tentacled starspawn!
Mlioglotl shouts!
Your +5 spectral broad axe hits the starspawn tentacle but does no damage.
Your +5 spectral broad axe hits Mlioglotl!
Your +5 spectral broad axe hits the smoke demon!
The smoke demon gestures at you. Something smites you!
* * * LOW HITPOINT WARNING * * *
The merfolk hits you but does no damage.
A dream sheep comes into view.
The merfolk throws a throwing net.
The throwing net barely misses you.
The throwing net hits the starspawn tentacle.
The net is caught on the starspawn tentacle!
The will-o-the-wisp gestures.
The smoke demon misses your +5 spectral broad axe.
The smoke demon hits your +5 spectral broad axe but does no damage.
The smoke demon closely misses your +5 spectral broad axe.
The starspawn tentacle loses its grip on you.
A starcursed mass splits.
The merfolk siren chants its luring song.
Mlioglotl hits you!
* * * LOW HITPOINT WARNING * * *
Mlioglotl tramples you!
You die...

....#........~~~#~.~§~)))~.....
....#.....#.......~~≈~~~~~.###
.|....P....#....#~~≈≈≈~††..#
........P......3#xx~≈≈~~H..###,
....#.....#..X.x...~~~~~~......
....##.......#X4H3#~X~~~c~c....
....P#.......X#vΛm#......m.....
P#.P..(...)..X3XXw#ch...t.###..
PPP.P........[§(@.cYtY.....[)..
.###P.......#.#).#mmc........
####P...........#~##Y#Y.......
....P...........P~#.....P.....
............#....##.. .c.....
.)....P#P..........
.......#P.......#....
.......PP.......#...φ.
.................P....


You could see 4 starcursed masses, Mlioglotl (strong, scary), a tentacled
starspawn (summoned), 2 death yaks, a satyr (scary), a snapping turtle, 2
merfolk, 3 fauns, a merfolk siren (mesmerising), a worldbinder (summoned), a
will-o-the-wisp (summoned), 2 smoke demons, a raiju (summoned), a ynoxinul
(summoned), a chaos spawn (summoned), 2 small abominations, a starspawn
tentacle, 2 dream sheep and a friendly +5 spectral broad axe.

Vanquished Creatures
  Mara (Spider:3)
  Nikola (Spider:4)
  Arachne (Spider:3)
  Jorgrun (Spider:1)
  Frances (Spider:2)
  Gastronok (D:10)
  8 emperor scorpions
  6 ghost moths
  An orc warlord (Orc:2)
  3 broodmothers
  A reaper (IceCv)
  3 spark wasps
  An ettin (Orc:1)
  3 merfolk javelineers (Shoals:4)
  3 merfolk impalers
  Josephine (Orc:2)
  An entropy weaver (Spider:3)
  A centaur warrior (D:10)
  6 hydras
  3 demonspawn (Orc:2)
  2 jorogumos
  A merfolk aquamancer (Shoals:4)
  6 boulder beetles
  A merfolk avatar (Shoals:4)
  5 radroaches
  A two-headed ogre (D:11)
  A satyr (Shoals:4)
  A death scarab (Spider:3)
  7 orc high priests (Orc:2)
  16 death yaks
  5 demonic crawlers
  Nergalle (D:12)
  Lodul (D:10)
  6 pharaoh ants
  A skyshark (Lair:2)
  A goliath frog (Lair:5)
  3 sun moths
  2 sea snakes (Shoals:4)
  A lindwurm (Lair:5)
  8 orc knights
  11 orb spiders
  7 steelbarb worms
  6 orc sorcerers
  15 wolf spiders
  An oklob plant (Lair:5)
  5 moths of wrath (Spider:2)
  13 fauns
  4 manticores
  Joseph (D:8)
  5 merfolk sirens
  3 elephants (Lair:2)
  A water nymph (Shoals:4)
  10 black mambas
  A gargoyle (D:9)
  28 cane toads
  2 ice statues (IceCv)
  8 torpor snails
  An unseen horror (D:10)
  A rime drake (Lair:3)
  A freezing wraith (IceCv)
  6 kobold demonologists
  8 komodo dragons
  7 ice devils (IceCv)
  4 trolls
  11 merfolk
  A polar bear (Lair:2)
  3 tyrant leeches (Lair:5)
  3 wind drakes (Shoals:4)
  A hornet (D:10)
  30 tarantellas
  14 blink frogs (Lair:5)
  2 snapping turtles (Shoals:4)
  24 jumping spiders
  5 dream sheep (Lair:3)
  2 shadows
  3 slime creatures
  6 wraiths
  18 culicivoras
  A water elemental (Shoals:3)
  71 yaks
  A basilisk (Lair:4)
  61 redbacks
  3 death yak simulacra (IceCv)
  9 vampire mosquitoes
  Menkaure (D:5)
  An acid dragon (D:12)
  6 wargs
  16 water moccasins
  Duvessa (D:7)
  42 orc warriors
  A sky beast (D:7)
  15 wolves (Lair:1)
  16 ogres
  A centaur (D:9)
  3 phantoms
  2 gnoll sergeants
  5 kobold brigands
  17 bullfrogs
  2 cane toad simulacra (IceCv)
  4 two-headed ogre simulacra (IceCv)
  10 wights
  38 killer bees
  Dowan (D:7)
  5 howler monkeys
  3 electric eels
  2 lava snakes (D:10)
  3 hounds (D:5)
  2 gnoll boudas
  30 orc priests
  Crazy Yiuf (D:7)
  6 jellies
  3 iguanas
  18 orc wizards
  3 troll simulacra (IceCv)
  4 spriggan simulacra (IceCv)
  2 polar bear simulacra (IceCv)
  2 wolf simulacra (IceCv)
  20 gnolls
  8 adders
  4 white imps
  3 ufetubi
  A worm (D:2)
  2 dart slugs
  104 orcs
  5 bats
  13 endoplasms
  7 goblins
  9 hobgoblins
  6 jackals
  27 kobolds
  3 quokkas
  5 ball pythons
  5 frilled lizards
  7 rats
  A starspawn tentacle (Shoals:4)
1031 creatures vanquished.

Vanquished Creatures (others)
  An orc priest (Orc:2)
  21 spectral weapons
22 creatures vanquished.

Grand Total: 1053 creatures vanquished

Notes
Turn   | Place    | Note
-------+----------+-------------------------------------------
     0 | D:1      | CowFu the Minotaur Fighter began the quest for the Orb.
     0 | D:1      | Reached XP level 1. HP: 19/19 MP: 0/0
    76 | D:1      | Reached skill level 3 in Axes
   253 | D:1      | Reached XP level 2. HP: 22/26 MP: 1/1
   395 | D:1      | Reached skill level 4 in Axes
   915 | D:2      | Reached XP level 3. HP: 30/31 MP: 2/2
  1049 | D:2      | Found a sparkling altar of Nemelex Xobeh.
  1049 | D:2      | Found a glowing golden altar of the Shining One.
  1049 | D:2      | Found a radiant altar of Vehumet.
  1049 | D:2      | Found a sparkling altar of Nemelex Xobeh.
  1049 | D:2      | Found a shimmering blue altar of Sif Muna.
  1049 | D:2      | Found a shadowy altar of Dithmenos.
  1057 | D:2      | Reached skill level 5 in Axes
  1057 | D:2      | Reached XP level 4. HP: 19/39 MP: 3/3
  1068 | D:2      | Reached skill level 6 in Axes
  1515 | D:2      | Reached XP level 5. HP: 44/45 MP: 4/4
  1884 | D:2      | Became a worshipper of the Shining One
  1994 | D:3      | You fall into a shaft and drop 2 floors!
  1994 | D:5      | Entered Level 5 of the Dungeon
  2006 | D:5      | Found Wistuyhil's Distillery.
  2023 | D:5      | Reached skill level 7 in Axes
  2088 | D:5      | Bought a potion of heal wounds for 55 gold pieces
  2088 | D:5      | Bought a potion of heal wounds for 55 gold pieces
  2240 | D:4      | Identified the +2 falchion of the Unspeakable One {speed,
                  | Contam rPois Str+3 Int+3}
  2241 | D:4      | Found a staircase to the Ecumenical Temple.
  2583 | D:3      | Reached XP level 6. HP: 51/51 MP: 5/5
  3094 | D:4      | Reached skill level 8 in Axes
  3326 | D:4      | Reached skill level 9 in Axes
  3605 | D:5      | Reached XP level 7. HP: 57/57 MP: 6/6
  3723 | D:5      | Reached * piety under the Shining One
  3901 | D:5      | Reached skill level 10 in Axes
  4083 | D:5      | Noticed Menkaure
  4091 | D:5      | Killed Menkaure
  4306 | D:6      | Reached skill level 11 in Axes
  4440 | D:6      | Reached XP level 8. HP: 49/64 MP: 7/7
  4455 | D:6      | HP: 1/64 [ogre/+0 giant club (24)]
  4458 | D:6      | Reached skill level 12 in Axes
  4476 | D:6      | HP: 1/64 [gnoll bouda/+0 club (4)]
  5081 | D:7      | Reached skill level 13 in Axes
  5245 | D:7      | Noticed Dowan
  5246 | D:7      | Noticed Duvessa
  5265 | D:7      | Killed Duvessa
  5274 | D:7      | Killed Dowan
  5794 | D:7      | Reached skill level 14 in Axes
  5794 | D:7      | Reached XP level 9. HP: 69/70 MP: 8/8
  5866 | D:7      | Reached ** piety under the Shining One
  6237 | D:7      | Found a runed translucent door.
  6238 | D:7      | Noticed Crazy Yiuf
  6243 | D:7      | Killed Crazy Yiuf
  6376 | D:8      | Noticed Joseph
  6384 | D:8      | Reached skill level 15 in Axes
  6385 | D:8      | Killed Joseph
  6386 | D:8      | HP: 3/70 [killer bee (2)]
  6388 | D:8      | The Shining One protects you from harm!
  6389 | D:8      | The Shining One protects you from harm!
  6393 | D:8      | Reached skill level 16 in Axes
  6742 | D:8      | Reached XP level 10. HP: 38/77 MP: 9/9
  6746 | D:8      | Reached skill level 17 in Axes
  6771 | D:8      | Reached *** piety under the Shining One
  7012 | D:8      | Noticed an elephant
  7088 | D:8      | Reached skill level 18 in Axes
  7308 | D:8      | Reached skill level 1 in Dodging
  7310 | D:8      | Reached skill level 1 in Invocations
  7861 | D:9      | Reached skill level 1 in Evocations
  7861 | D:9      | Noticed a death yak
  7861 | D:9      | Noticed a death yak
  7861 | D:9      | Noticed a death yak
  7871 | D:9      | Killed a death yak
  7882 | D:9      | HP: 3/80 [death yak (4)]
  7883 | D:9      | Killed a death yak
  7883 | D:9      | Killed a death yak
  7883 | D:9      | HP: 1/80 [killer bee (2)]
  7884 | D:9      | Reached skill level 5 in Fighting
  7884 | D:9      | Reached skill level 5 in Armour
  7884 | D:9      | Reached skill level 5 in Shields
  7884 | D:9      | Reached XP level 11. HP: 1/86 MP: 11/11
  7892 | D:9      | HP: 3/86 [yak (4)]
  7895 | D:9      | HP: 1/86 [poisoned by a killer bee]
  8155 | D:9      | Found a staircase to the Lair.
  8888 | D:9      | Reached **** piety under the Shining One
  9155 | D:10     | Entered Level 10 of the Dungeon
  9163 | D:10     | Found a shadowy altar of Dithmenos.
  9163 | D:10     | Found a glowing golden altar of the Shining One.
  9164 | D:10     | Found a broken altar of Ashenzari.
  9165 | D:10     | Found a radiant altar of Vehumet.
  9165 | D:10     | Found a snail-covered altar of Cheibriados.
  9165 | D:10     | Found a stormy altar of Qazlal.
  9167 | D:10     | Noticed Lodul
  9180 | D:10     | Killed Lodul
  9186 | D:10     | Found a sparkling altar of Nemelex Xobeh.
  9186 | D:10     | Found a hazy altar of Hepliaklqana.
  9186 | D:10     | Found a shimmering altar of Xom.
  9236 | D:10     | Noticed a centaur warrior
  9243 | D:10     | Killed a centaur warrior
  9502 | D:10     | Noticed Gastronok
  9520 | D:10     | Killed Gastronok
  9521 | D:10     | Reached skill level 5 in Dodging
  9741 | D:10     | Noticed a fire giant
  9901 | D:10     | Found Zeushrel's General Store.
  9977 | D:10     | Reached XP level 12. HP: 100/100 MP: 14/14
 10110 | D:11     | Identified the of Yruecet
 10166 | D:11     | Noticed a two-headed ogre
 10173 | D:11     | Killed a two-headed ogre
 10329 | D:11     | Found Loluox's Weapon Shoppe.
 10361 | D:11     | Reached skill level 5 in Invocations
 10659 | D:11     | Found a blossoming altar of Fedhas.
 10723 | D:12     | Noticed Nergalle
 10735 | D:12     | Killed Nergalle
 10775 | D:12     | Found a staircase to the Orcish Mines.
 10900 | D:12     | Reached ***** piety under the Shining One
 10909 | D:12     | Reached skill level 5 in Evocations
 11958 | D:5      | Bought a potion of resistance for 110 gold pieces
 11958 | D:5      | Bought a potion of resistance for 110 gold pieces
 11958 | D:5      | Bought a potion of heal wounds for 55 gold pieces
 12046 | Lair:1   | Entered Level 1 of the Lair of Beasts
 13246 | Lair:2   | Reached XP level 13. HP: 110/110 MP: 16/16
 13541 | Lair:2   | Found a staircase to the Shoals.
 13776 | Lair:2   | Found a hole to the Spider Nest.
 14951 | Lair:4   | Found a frozen archway.
 14969 | IceCv    | Entered an ice cave
 15160 | IceCv    | Reached ****** piety under the Shining One
 15182 | IceCv    | Noticed a reaper
 15193 | IceCv    | Killed a reaper
 15194 | IceCv    | Reached skill level 10 in Fighting
 15194 | IceCv    | Reached skill level 10 in Armour
 15194 | IceCv    | Reached skill level 10 in Shields
 15687 | Lair:4   | Found a viscous altar of Jiyva.
 15687 | Lair:4   | Found a staircase to the Slime Pits.
 15705 | Lair:4   | Reached XP level 14. HP: 33/121 MP: 19/19
 16245 | Lair:5   | Entered Level 5 of the Lair of Beasts
 16378 | Lair:5   | Reached skill level 10 in Dodging
 16647 | Lair:5   | Found a snail-covered altar of Cheibriados.
 16770 | Lair:5   | Reached skill level 10 in Invocations
 16888 | Lair:5   | Reached skill level 10 in Evocations
 17123 | Lair:5   | Identified the +2 chain mail "Reranen" {+Blink}
 17129 | Lair:5   | Identified the +7 trident of the Hurling Gods {flame, rPois
                  | rN+ MP+9 SInv}
 17596 | Orc:1    | Entered Level 1 of the Orcish Mines
 17815 | Orc:1    | Found Runtuk's Armour Shop.
 17953 | Orc:1    | Reached XP level 15. HP: 34/128 MP: 21/21
 18381 | Orc:2    | Entered Level 2 of the Orcish Mines
 18468 | Orc:2    | Found Fing's General Store.
 18469 | Orc:2    | Found Esaz's General Store.
 18877 | Orc:2    | Reached skill level 19 in Axes
 18929 | Orc:2    | Found Vuatont's Antique Weapon Shop.
 18929 | Orc:2    | Found Hoeshoc's Book Boutique.
 18930 | Orc:2    | Found a one-way gate leading to the halls of Pandemonium.
 18977 | Orc:2    | Found a staircase to the Elven Halls.
 18977 | Orc:2    | Noticed Josephine
 18983 | Orc:2    | Killed Josephine
 19161 | Orc:2    | Found Nigeazaf's Distillery.
 19165 | Orc:2    | Bought a potion of heal wounds for 60 gold pieces
 19165 | Orc:2    | Bought a potion of curing for 36 gold pieces
 19165 | Orc:2    | Bought a potion of curing for 36 gold pieces
 19337 | Orc:2    | Bought a +4 ring of slaying for 936 gold pieces
 19337 | Orc:2    | Bought a potion of heal wounds for 60 gold pieces
 19339 | Orc:2    | Bought 2 potions of heal wounds for 130 gold pieces
 19339 | Orc:2    | Bought a potion of haste for 130 gold pieces
 19509 | Spider:1 | Entered Level 1 of the Spider Nest
 19837 | Spider:1 | Noticed Jorgrun
 19848 | Spider:1 | Killed Jorgrun
 20254 | Spider:2 | Reached XP level 16. HP: 126/144 MP: 12/22
 20286 | Spider:2 | Noticed Frances
 20287 | Spider:2 | Reached skill level 20 in Axes
 20290 | Spider:2 | You fall into a shaft and drop 1 floor!
 20537 | Spider:3 | Noticed Mara
 20539 | Spider:3 | Noticed CowFu's illusion
 20609 | Spider:2 | HP: 4/146 [disintegration (31)]
 20838 | Spider:2 | Killed Frances
 21351 | Spider:3 | Killed Mara
 21476 | Spider:3 | Reached skill level 15 in Fighting
 21663 | Spider:3 | Reached skill level 15 in Armour
 22255 | Spider:4 | Entered Level 4 of the Spider Nest
 22278 | Spider:4 | Reached skill level 21 in Axes
 22422 | Spider:4 | Noticed Nikola
 22430 | Spider:4 | Killed Nikola
 22435 | Spider:4 | Noticed Arachne
 22443 | Spider:4 | HP: 5/149 [Arachne/staff of poison (16)]
 22446 | Spider:4 | The Shining One protects you from harm!
 22580 | Spider:3 | Killed Arachne
 22736 | Spider:4 | Reached XP level 17. HP: 115/157 MP: 23/23
 23388 | Spider:4 | Got a gossamer rune of Zot
 23733 | Shoals:1 | Entered Level 1 of the Shoals
 23756 | Shoals:1 | Identified the +6 dagger of Purpose {drain, rF+}
 23893 | Shoals:4 | Entered Level 4 of the Shoals
 24355 | Shoals:4 | Reached skill level 22 in Axes
 24423 | Shoals:4 | Noticed Mlioglotl
 24447 | Shoals:4 | HP: 7/161 [Mlioglotl (12)]
 24447 | Shoals:4 | Mangled by Mlioglotl

Illustrated notes

Levels and vault maps discovered:
D:1:      eino_arrival_cavern_d, layout_rooms, serial_co_window_serial,
          co_window_paths_b, co_window_paths_a, co_window_of_opportunity_a,
          co_window_paths_b, co_window_corner_a, co_window_broadway_a,
          co_window_corner_b, co_window_2corner, co_window_paths_c,
          co_window_broadway_a, glass_columns_a, glass_columns_c
D:2:      cheibrodos_fertilizer, layout_loops_ring
D:3:      minmay_chambers_of_twos, layout_basic, serial_bayou,
          serial_bayou_pond_a, serial_bayou_shore_a, serial_bayou_pond_e,
          serial_bayou_shore_b, serial_bayou_lagoon_a, serial_bayou_pond_d
D:4:      layout_loops_ring, minmay_temple_entry_crystal_x
D:5:      layout_basic, serial_shops, shop, uniq_menkaure
D:6:      layout_gridville
D:7:      layout_loops_ring, chequers_serial_rivers_small_b,
          kennysheep_nondescript, uniq_duvessa, uniq_crazy_yiuf_cottage
D:8:      wad_woods_minihive, layout_basic, uniq_joseph
D:9:      layout_layer_cave, dpeg_lair_monsters
D:10:     cheibrodos_orc_bank, layout_cave_pools, nicolae_overflows_in_rows,
          serial_shops, nicolae_shop_crystal, minivault_21,
          kennysheep_island_fort, uniq_lodul, uniq_gastronok
D:11:     layout_basic, serial_shops, shop, fedhas_altar_2
D:12:     layout_loops_ring, kennysheep_orc_monster_closet_entryway,
          uniq_nergalle
Lair:1:   layout_regular_city
Lair:2:   layout_cave_pods, shoals_dummy_entry, dummy_spider_entry
Lair:3:   layout_hall_layers, minivault_23, infiniplex_staircase_pool,
          serial_bayou_shore_b
Lair:4:   layout_regular_city, minmay_slime_entry_pillars,
          portal_ice_cave_entry_pillars_2, serial_bayou_shore_b
Lair:5:   minmay_lair_end_frog_pond, layout_small_grid, kennysheep_snail_temple
Shoals:1: layout_shoals, nicolae_shoals_lost_giant_temple
Shoals:2: layout_shoals, lemuel_oklob_altar
Shoals:3: layout_shoals, serial_shops, shop
Shoals:4: shoals_end_grunt_garden, layout_shoals, serial_shops,
          nicolae_shop_hallway_plus, uniq_polyphemus, uniq_mlioglotl
Spider:1: layout_spider_delve, uniq_jorgrun
Spider:2: layout_spider_delve, uniq_frances
Spider:3: layout_spider_delve, nicolae_spider_orb_run, uniq_mara
Spider:4: grunt_spider_rune_circles, uniq_arachne, uniq_nikola
Orc:1:    layout_caves, serial_shops, nicolae_shop_advertising_works
          [nicolae_subvault_shop_adworks]
Orc:2:    pf_orc_diabolical, layout_caves, serial_shops,
          nicolae_shop_back_alley_shop, uniq_josephine

Skill      XL: |  1  2  3  4  5  6  7  8  9 10 11 12 13 14 15 16 17 |
---------------+----------------------------------------------------+-----
Axes           | 3 4 5 6 7 9 11 14 16 18 19 21 22 | 22.0
Dodging        | 3 5 7 9 10 | 10.0
Fighting       | 5 7 8 10 13 15 17 | 17.1
Armour         | 5 7 8 10 13 15 17 | 17.0
Shields        | 5 7 8 10 | 10.0
Invocations    | 2 4 6 8 10 | 10.0
Evocations     | 2 4 5 7 10 | 10.0

Action                     |  1- 3 |  4- 6 |  7- 9 | 10-12 | 13-15 | 16-18 || total
---------------------------+-------+-------+-------+-------+-------+-------++-------
  Melee: War axe           |    68 |   158 |    89 |       |       |       ||   315
         Headbutt          |     6 |    19 |    25 |   105 |   183 |   137 ||   475
         Broad axe         |       |       |    88 |   377 |   640 |   441 ||  1546
         Unarmed           |       |       |    16 |       |       |       ||    16
         Flail             |       |       |       |       |    33 |       ||    33
    Use: Scroll            |       |       |    18 |     5 |     7 |     4 ||    34
         Potion            |       |       |    10 |     1 |     1 |    11 ||    23
 Armour: Scale mail        |    38 |    88 |   152 |    18 |       |       ||   296
         Skin              |       |       |    11 |       |       |       ||    11
         Chain mail        |       |       |       |   167 |    81 |       ||   248
         Crystal plate arm |       |       |       |       |   448 |   437 ||   885
  Dodge: Dodged            |    22 |    50 |    79 |    98 |   159 |   152 ||   560
  Block: Buckler           |    15 |    33 |    36 |    50 |   116 |   126 ||   376
         Reflection        |       |       |       |     2 |       |       ||     2

Table legend: (Time is in decaauts)
 A = Elapsed time spent in this place.
 B = Non-inter-level travel time spent in this place.
 C = Inter-level travel time spent in this place.
 D = Time resting spent in this place.
 E = Time spent auto-exploring this place.
 F = Levels seen in this place.
 G = Mean time per level.
                   A        B        C        D        E       F      G
               +--------+--------+--------+--------+--------+-----+--------+
         Total |  24259 |  22871 |   1388 |      0 |  18585 |  28 |  866.4 |
       Dungeon |  12194 |  11342 |    852 |      0 |   9663 |  12 | 1016.2 |
          Lair |   5136 |   4857 |    279 |      0 |   4088 |   5 | 1027.2 |
        Shoals |    739 |    739 |      0 |      0 |    356 |   4 |  184.8 |
   Spider Nest |   4090 |   3942 |    148 |      0 |   3051 |   4 | 1022.5 |
  Orcish Mines |   1748 |   1642 |    106 |      0 |   1319 |   2 |  874.0 |
      Ice Cave |    349 |    349 |      0 |      0 |    108 |   1 |  349.0 |
               +--------+--------+--------+--------+--------+-----+--------+

Top non-repeatable levels by time:
     D:8: 1559 daAuts
Spider:3: 1544 daAuts
     D:7: 1344 daAuts
     D:9: 1303 daAuts
  Lair:1: 1194 daAuts
    D:10: 1190 daAuts
Spider:4: 1152 daAuts
  Lair:5: 1122 daAuts
     D:2: 1114 daAuts
  Lair:4: 1080 daAuts
    D:12: 979 daAuts
  Lair:2: 959 daAuts
   Orc:2: 945 daAuts
     D:5: 896 daAuts
     D:1: 858 daAuts
